 Dungeon Crawl Stone Soup version 0.22.1-2-g9c5b331 (webtiles) character file.

1195 Fang the Chopper (level 8, -2/49 HPs)
             Began as a Gargoyle Berserker on Dec 4, 2018.
             Was an Elder of Trog.
             Slain by an unseen horror (4 damage)
             ... on level 6 of the Dungeon.
             The game lasted 00:07:12 (4532 turns).

Fang the Chopper (Gargoyle Berserker)               Turns: 4532, Time: 00:07:12

Health: -2/49      AC: 17    Str: 23    XL:     8   Next: 44%
Magic:  8/8        EV:  9    Int:  8    God:    Trog [****..]
Gold:   272        SH:  0    Dex:  9    Spells: 7/7 levels left

rFire    . . .     SeeInvis .   j - +2 hand axe (flame)
rCold    . . .     Gourm    .   (no shield)
rNeg     + . .     Faith    .   d - +0 chain mail
rPois    ∞         Spirit   .   (no helmet)
rElec    +         Reflect  .   m - +1 cloak {rPois}
rCorr    .         Harm     .   (no gloves)
MR       .....                  (no boots)
Stlth    ..........             o - amulet of rage
HPRegen  0.16/turn              (no ring)
MPRegen  0.11/turn              (no ring)

@: no status effects
A: negative energy resistance 1, electricity resistance, unbreathing,
petrification resistance, rot immunity, AC +5
a: Berserk, Trog's Hand, Brothers in Arms, Renounce Religion, Evoke Berserk Rage


You were on level 6 of the Dungeon.
You worshipped Trog.
Trog was greatly pleased with you.
You were not hungry.

You visited 1 branch of the dungeon, and saw 6 of its levels.

You collected 272 gold pieces.

Inventory:

Hand Weapons
 j - a +2 hand axe of flaming (weapon)
 q - a +1 war axe of electrocution
Armour
 d - a +0 chain mail (worn)
 m - a +1 cloak of poison resistance (worn)
Jewellery
 o - an amulet of rage (around neck)
Wands
 a - a wand of flame (20)
 l - a wand of random effects (36)
Scrolls
 b - 3 scrolls of identify
 h - 2 scrolls of magic mapping
 k - a scroll of amnesia {unknown}
 n - 2 scrolls of teleportation
 p - a scroll of brand weapon
Potions
 e - 4 potions of curing
 f - a potion of haste
 g - a potion of heal wounds {unknown}
 i - a potion of might
 r - a potion of agility
Comestibles
 c - 13 rations


   Skills:
 + Level 5.2 Fighting
 + Level 7.3 Axes
 + Level 5.1 Armour
 + Level 2.7 Dodging
 + Level 0.2 Stealth


You had 7 spell levels left.
You didn't know any spells.
Your spell library was empty.

Dungeon Overview and Level Annotations

Branches:
Dungeon (6/15)
 Temple: D:4-7

Altars:
Kikubaaqudgha
Makhleb
Okawaru
Sif Muna
Trog
Vehumet
Zin

Annotations:
D:3 2 transporters


Innate Abilities, Weirdness & Mutations

You are resistant to torment.
Your stone body is resilient. (AC +5)
You are immune to poison.
You resist negative energy. (rN+)
You are resistant to electric shocks. (rElec)
You can survive without breathing.
You are immune to petrification.
You are immune to rotting.


Message History

Something hits you.
* * * LOW HITPOINT WARNING * * *
You hit something. You burn something. Something hits you but does no damage.
You closely miss something.
Something hits you but does no damage. x2
Your chain mail prevents you from hitting something.
Something hits you.
* * * LOW HITPOINT WARNING * * *
You swing at nothing.
Something hits you but does no damage.
You hit something. You burn something. Something hits you but does no damage.
You swing at nothing.
You miss something. Something hits you.
* * * LOW HITPOINT WARNING * * *
You swing at nothing.
Something hits you but does no damage.
You closely miss something. Something hits you but does no damage.
You swing at nothing.
Something hits you but does no damage.
You swing at nothing.
Something hits you but does no damage.
You swing at nothing.
Something hits you but does no damage.
You swing at nothing.
Something hits you but does no damage.
You swing at nothing.
Something hits you.
You die...

## #####. .)#.
#..##### ### #..##..
... ##..##.##.#
#..#.#.#.#
########(###...#
#....@[.......##
#.######.###..#######
#.# #........## #.#
##.#####... #.# #.#
###... #.# #.# #.....
#.# #......... .#
#####..... ###...


There were no monsters in sight!

Vanquished Creatures
  An ice beast (D:6)
  A scorpion (D:5)
  A bullfrog zombie (D:2)
  3 crimson imps
  Crazy Yiuf (D:2)
  3 bullfrog skeletons
  4 orc priests
  5 orc wizards (D:5)
  Terence (D:3)
  Natasha (thrice) (D:2)
  3 iguanas
  4 worker ants
  A hound skeleton (D:5)
  A howler monkey zombie (D:5)
  Robin (D:2)
  6 adders
  3 gnolls (D:4)
  A shadow imp (D:5)
  An ooze (D:4)
  3 worms
  A dart slug (D:2)
  3 leopard geckos
  18 orcs
  8 bats
  4 giant cockroaches
  12 hobgoblins
  2 quokkas
  3 ball pythons
  10 frilled lizards
  A giant cockroach zombie (D:5)
  15 goblins
  10 kobolds
  15 rats
149 creatures vanquished.

Notes
Turn   | Place    | Note
-------+----------+-------------------------------------------
     0 | D:1      | Fang the Gargoyle Berserker began the quest for the Orb.
     0 | D:1      | Reached XP level 1. HP: 14/14 MP: 1/1
    29 | D:1      | Reached XP level 2. HP: 11/19 MP: 2/2
    39 | D:1      | Reached skill level 3 in Axes
   527 | D:1      | Reached ** piety under Trog
   547 | D:1      | Reached XP level 3. HP: 20/23 MP: 3/3
  1016 | D:2      | Reached XP level 4. HP: 20/28 MP: 4/4
  1214 | D:2      | Noticed Natasha
  1227 | D:2      | Killed Natasha
  1227 | D:2      | Reached skill level 4 in Axes
  1227 | D:2      | Reached XP level 5. HP: 32/32 MP: 5/5
  1253 | D:2      | Noticed Natasha
  1270 | D:2      | Killed Natasha
  1346 | D:2      | Noticed Natasha
  1355 | D:2      | Killed Natasha
  1362 | D:2      | Found an iron altar of Okawaru.
  1496 | D:2      | Noticed Robin
  1506 | D:2      | Reached *** piety under Trog
  1524 | D:2      | Killed Robin
  1629 | D:2      | Found a runed door.
  1931 | D:2      | Noticed Crazy Yiuf
  1940 | D:2      | Killed Crazy Yiuf
  1940 | D:2      | Reached XP level 6. HP: 35/38 MP: 6/6
  2209 | D:3      | Found a transporter.
  2271 | D:3      | Noticed Terence
  2282 | D:3      | Killed Terence
  2328 | D:3      | Found a transporter.
  2555 | D:4      | Reached skill level 5 in Axes
  2565 | D:4      | Found an iron altar of Okawaru.
  2856 | D:4      | Noticed a moth of wrath
  2859 | D:4      | Found a bloodstained altar of Trog.
  2949 | D:4      | Reached XP level 7. HP: 38/44 MP: 7/7
  3044 | D:4      | Found a radiant altar of Vehumet.
  3450 | D:5      | Entered Level 5 of the Dungeon
  3468 | D:5      | Reached **** piety under Trog
  3477 | D:5      | Reached skill level 6 in Axes
  3510 | D:5      | Found a burning altar of Makhleb.
  3620 | D:5      | Reached skill level 5 in Fighting
  3634 | D:5      | Reached XP level 8. HP: 49/49 MP: 8/8
  3698 | D:5      | Found an ancient bone altar of Kikubaaqudgha.
  3981 | D:5      | Found a deep blue altar of Sif Muna.
  3983 | D:5      | Found a radiant altar of Vehumet.
  4042 | D:5      | Found a glowing silver altar of Zin.
  4073 | D:5      | Reached skill level 7 in Axes
  4238 | D:5      | Noticed an angel
  4239 | D:5      | Found a glowing silver altar of Zin.
  4302 | D:6      | Reached skill level 5 in Armour
  4521 | D:6      | HP: 2/49 [something (5)]
  4532 | D:6      | Slain by an unseen horror

Skill      XL: |  1  2  3  4  5  6  7  8 |
---------------+-------------------------+-----
Axes           | 3 4 5 6 7 |  7.3
Dodging        | 2 |  2.7
Fighting       | 4 5 |  5.2
Armour         | 3 4 5 |  5.1
Stealth        | |  0.2

Action                   |  1- 3 |  4- 6 |  7- 9 || total
-------------------------+-------+-------+-------++-------
Melee: Hand axe          |   150 |   249 |   146 ||   545
Invok: Berserk           |     1 |     3 |     1 ||     5
  Use: Scroll            |       |       |    12 ||    12
  Eat: Chunk             |     1 |    10 |     6 ||    17
Armor: Animal skin       |    24 |       |       ||    24
       Chain mail        |   104 |   155 |   174 ||   433
Dodge: Dodged            |    84 |   118 |    58 ||   260
